 Dungeon Crawl Stone Soup version 0.29-a0-88-g03a7b78be7 (webtiles) character file.

Game seed: 9936604762322594514

945 lordive the Ruffian (level 7, -1/66 HPs)
             Began as a Troll Warper on Feb 5, 2022.
             Slain by Menkaure (13 damage)
             ... on level 5 of the Dungeon.
             The game lasted 00:05:03 (2423 turns).

lordive the Ruffian (Troll Warper)                  Turns: 2423, Time: 00:05:05

Health: -1/66      AC:  4    Str: 20    XL:     7   Next: 89%
Magic:  4/8        EV: 11    Int: 11    God:
Gold:   188        SH:  0    Dex: 15    Spells: 6/8 levels left

rFire   . . .      SeeInvis .     - Unarmed
rCold   . . .      Faith    .   (no shield)
rNeg    . . .      Spirit   .   a - +0 robe
rPois   .          Reflect  .   (helmet restricted)
rElec   .          Harm     .   (no cloak)
rCorr   .          Rampage  .   (gloves unavailable)
Will    .....                   (boots unavailable)
Stlth   +.........              f - amulet of the acrobat
HPRegen 1.01/turn               m - +6 ring of dexterity
MPRegen 0.11/turn               (no ring)

@: very slightly contaminated
A: large, unfitting armour, claws 3, regeneration 1, shaggy fur 1, tough skin 1
a: no special abilities


You were on level 5 of the Dungeon.
You visited 1 branch of the dungeon, and saw 5 of its levels.

You collected 188 gold pieces.

Inventory:

Missiles
 c - 5 boomerangs of dispersal (quivered)
 k - 3 boomerangs
Armour
 a - a +0 robe (worn)
Jewellery
 f - an amulet of the acrobat (around neck)
 m - a +6 ring of dexterity (left claw)
Wands
 g - a wand of mindburst (13)
Scrolls
 b - a scroll of blinking
 d - a scroll of amnesia {unknown}
 e - 2 scrolls of identify {unknown}
 l - a scroll of enchant armour {unknown}
Potions
 h - a potion of flight {unknown}
 i - a potion of heal wounds {unknown}
 j - a potion of berserk rage {unknown}


   Skills:
 + Level 2.3 Fighting
 - Level 0.8 Throwing
 + Level 3.9 Dodging
 + Level 0.3 Stealth
 + Level 5.2 Unarmed Combat
 + Level 1.2 Spellcasting
 * Level 3.7 Translocations
 * Level 3.5 Invocations


You had 6 spell levels left.
You knew the following spells:

 Your Spells              Type           Power      Damage    Failure   Level
a - Blink                 Tloc           16%        N/A       11%         2

Your spell library contained the following spells:

 Spells                   Type           Power      Damage    Failure   Level
 Gell's Gravitas          Tloc           8%         N/A       21%         3
 Lesser Beckoning         Tloc           8%         N/A       21%         3
 Teleport Other           Tloc           8%         N/A       21%         3
 Animate Skeleton         Necr           0%         N/A       32%         1
 Pain                     Necr           0%         1d4       32%         1
 Conjure Flame            Conj/Fire      0%         6-21      67%         3
 Ignite Poison            Fire/Tmut/Pois 0%         N/A       67%         3
 Ozocubu's Armour         Ice            0%         N/A       67%         3
 Vampiric Draining        Necr           0%         2d6       67%         3
 Manifold Assault         Tloc           8%         N/A       88%         5
 Sticky Flame             Conj/Fire      0%         2d3       97%         4
 Metabolic Englaciation   Hex/Ice        0%         N/A       100%        5
 Simulacrum               Ice/Necr       0%         N/A       100%        6


Dungeon Overview and Level Annotations

Branches:
Dungeon (5/15)
 Temple: D:4-7

Altars:
Ashenzari

Annotations:
D:5 Menkaure


Innate Abilities, Weirdness & Mutations

You are too large for most types of armour.
You have claws for hands.
Your natural rate of healing is unusually fast.
You are covered in fur. (AC +1)
You have tough skin. (AC +1)


Message History

Menkaure's bandages flutter.
You open the door.
Menkaure calls on the powers of darkness!
Your body is wracked with pain!
* * * LOW HITPOINT WARNING * * *
Menkaure completely misses you.
There is an open door here.
Casting: Blink (safe; 11% risk of failure)
Confirm with . or Enter, or press ? or * to list all spells.
You miscast Blink.
You are very lightly contaminated with residual magic.
Nothing appears to happen.
Menkaure hits you.
* * * LOW HITPOINT WARNING * * *
Menkaure calls on the powers of darkness!
Your body is wracked with pain!
* * * LOW HITPOINT WARNING * * *
Casting: Blink (safe; 11% risk of failure)
Confirm with . or Enter, or press ? or * to list all spells.
You blink.
Menkaure is nearby!
You feel stable enough to blink again.
Your magical contamination has completely faded away.
Menkaure calls on the powers of darkness!
Your body is wracked with pain!
* * * LOW HITPOINT WARNING * * *
Menkaure calls on the powers of darkness!
Your body is wracked with pain!
* * * LOW HITPOINT WARNING * * *
You see here a +0 plate armour.
Menkaure gestures at you while chanting.
Pain shoots through your body!
* * * LOW HITPOINT WARNING * * *
Menkaure completely misses you.
Casting: Blink (safe; 11% risk of failure)
Confirm with . or Enter, or press ? or * to list all spells.
You miscast Blink.
You are very lightly contaminated with residual magic.
Nothing appears to happen.
Menkaure is no longer moving quickly.
Menkaure hits you!
You die...

... ..# #.# #.# #.# #.#
#######.######
........@....#
#####..##M####)####.### #
#....[.#...###.<.......
#.#.###.#.....#####.#.##.
#?#.###.##...## ..
#.......###.## ...
###.##### #.# ### #.# #.#
#####M#### ##'##


You could see Menkaure.

Vanquished Creatures
  Duvessa (D:4)
  A black bear (D:4)
  2 ogres (D:4)
  Dowan (D:4)
  A water moccasin skeleton (D:3)
  A howler monkey (D:4)
  A bullfrog skeleton (D:4)
  A jelly (D:3)
  2 orc priests
  Ijyb (D:3)
  3 iguanas (D:4)
  3 orc wizards
  4 gnolls
  2 adders
  An ufetubus (D:4)
  A worm (D:2)
  2 dart slugs
  11 orcs
  6 ball pythons
  3 endoplasms
  4 giant cockroaches
  6 goblins
  7 hobgoblins
  3 jackals (D:2)
  3 quokkas
  2 bats
  8 frilled lizards
  9 kobolds
  10 rats
100 creatures vanquished.

Notes
Turn   | Place    | Note
-------+----------+-------------------------------------------
     0 | D:1      | lordive the Troll Warper began the quest for the Orb.
     0 | D:1      | Reached XP level 1. HP: 19/19 MP: 1/1
   173 | D:1      | Reached XP level 2. HP: 28/28 MP: 2/2
   257 | D:1      | Found a faded altar of an unknown god.
   695 | D:2      | Reached skill level 1 in Invocations
   740 | D:2      | Reached XP level 3. HP: 29/35 MP: 3/3
   871 | D:2      | Reached XP level 4. HP: 12/42 MP: 4/4
   976 | D:3      | Noticed Ijyb
   984 | D:3      | Killed Ijyb
   985 | D:3      | Reached skill level 3 in Unarmed Combat
   985 | D:3      | Reached XP level 5. HP: 45/49 MP: 5/5
  1233 | D:4      | Noticed Duvessa
  1240 | D:4      | Noticed Dowan
  1286 | D:4      | Reached XP level 6. HP: 53/57 MP: 6/6
  1339 | D:4      | Killed Duvessa
  1340 | D:4      | Reached skill level 4 in Unarmed Combat
  1364 | D:4      | Killed Dowan
  1377 | D:4      | Reached XP level 7. HP: 51/65 MP: 7/7
  1515 | D:4      | Learned a level 2 spell: Blink
  1691 | D:4      | HP: 3/65 [ogre (18)]
  1881 | D:4      | Reached skill level 5 in Unarmed Combat
  2003 | D:4      | Found a broken altar of Ashenzari.
  2343 | D:5      | Entered Level 5 of the Dungeon
  2372 | D:5      | Noticed Menkaure
  2423 | D:5      | Slain by Menkaure

Illustrated notes

Levels and vault maps discovered:
D:1:      saegor_arrival_miasma, layout_loops_ring,
          shapermc_ecumenical_altar_starsandcircs
D:2:      minmay_inner_zag, layout_loops_ring, kennysheep_big_empty_room,
          minmay_lizard_pond, uniq_sigmund
D:3:      minmay_bubble_buster, layout_basic, minmay_misc_feat_room,
          st_stairs_4, serial_park_tiny_2, uniq_ijyb, uniq_jessica
D:4:      layout_basic, mainiacjoe_overflow_paths, glass_columns_c, uniq_duvessa
D:5:      layout_loops_corners, general_overflow_altar, temple_statues,
          serial_shops, shop, nicolae_shop_waterfront, uniq_blork_the_orc,
          uniq_menkaure, uniq_eustachio, uniq_prince_ribbit1

Skill      XL: |  1  2  3  4  5  6  7 |
---------------+----------------------+-----
Dodging        | 2 3 |  3.9
Invocations    | 1 2 3 |  3.5
Unarmed Combat | 3 4 5 |  5.2
Translocations | 3 |  3.7
Fighting       | 2 |  2.3
Throwing       | |  0.8
Stealth        | |  0.3
Spellcasting   | |  1.2

Action                   |  1- 3 |  4- 6 |  7- 9 || total
-------------------------+-------+-------+-------++-------
Melee: Unarmed           |   108 |   121 |    97 ||   326
       Punch             |       |     2 |     3 ||     5
 Cast: Blink             |       |       |     2 ||     2
 Stab: Sleeping          |       |       |     2 ||     2
Armor: Robe              |    46 |    40 |    16 ||   102
Dodge: Dodged            |    66 |    82 |    45 ||   193

Table legend: (Time is in decaauts)
 A = Elapsed time spent in this place.
 B = Non-inter-level travel time spent in this place.
 C = Inter-level travel time spent in this place.
 D = Time resting spent in this place.
 E = Time spent auto-exploring this place.
 F = Levels seen in this place.
 G = Mean time per level.
                   A        B        C        D        E       F      G
               +--------+--------+--------+--------+--------+-----+--------+
         Total |   2406 |   2310 |     96 |    113 |   1474 |   5 |  481.2 |
       Dungeon |   2406 |   2310 |     96 |    113 |   1474 |   5 |  481.2 |
               +--------+--------+--------+--------+--------+-----+--------+

Top non-repeatable levels by time:
     D:4: 1050 daAuts
     D:1: 630 daAuts
     D:3: 388 daAuts
     D:2: 258 daAuts
     D:5: 78 daAuts
